Map: Terraços Prion

Players

ToP

  • Race: Zerg Zerg
  • League: Master

TheZergLord - Winner!

  • Race: Zerg Zerg
  • League: Master

VOD

Have the link to the VOD?

Description

Time

  • Played on: May 6, 2016, 3:30 p.m.
  • Length: 8:18
Show
View Real Time Build Order
Export as new Build Order

ToP Zerg 

Build Orders: Pool First, Zergling Baneling 

Get SALT Encoding   

  12  0:01  Drone  
  13  0:11  Drone  
  14  0:14  Extractor  
  13  0:29  Spawning Pool  
  13  0:32  Drone  
  13  0:36  Drone  
  14  0:47  Overlord  
  14  0:57  Extractor, Drone  
  15  1:16  Zergling x4  
  15  1:17  Zergling x2  
  18  1:22  Queen  
  20  1:29  Metabolic Boost  
  20  1:41  Baneling Nest  
  20  1:42  Zergling x2  
  20  1:47  Zergling x2  
  21  1:55  Zergling x2  
  22  2:15  Overlord  
  22  2:23  Overlord  
  22  2:40  Baneling  
  22  2:41  Baneling  
  22  2:42  Zergling x2  
  22  2:43  Zergling x6  
  26  2:47  Baneling x2  
  26  2:53  Zergling x2  
  27  2:59  Baneling  
  21  3:21  Baneling  
  21  3:22  Zergling x8  
  25  3:29  Baneling  
  25  3:30  Baneling  
  25  3:33  Zergling x2  
  26  3:39  Baneling  
  26  3:45  Zergling x2  
  26  3:48  Baneling  
  26  3:49  Baneling x2  
  26  3:50  Baneling  
  26  3:55  Zergling x6  
  29  4:00  Overlord  
  20  4:27  Zergling x2  
  20  4:28  Zergling x8  
  24  4:44  Hatchery  
  20  5:09  Drone x5  
  25  5:17  Baneling x2  
  21  5:29  Queen  
  21  5:31  Drone  
  24  5:38  Drone  
  24  5:39  Drone  
  26  5:48  Drone  
  26  5:49  Drone x2  
  29  5:54  Extractor  
  28  6:03  Drone x3  
  31  6:09  Zergling x6  
  34  6:18  Roach Warren  
  34  6:23  Drone x2  
  35  6:31  Drone x3  
  38  6:37  Drone  
  38  6:38  Lair  
  39  6:41  Drone  
  39  7:04  Evolution Chamber, Drone x3  
  39  7:05  Zergling x2  
  39  7:06  Extractor  
  39  7:07  Zergling x2  
  42  7:09  Hatchery  
  42  7:11  Overlord  
  41  7:17  Overlord  
  41  7:31  Roach  
  41  7:33  Roach  
  41  7:34  Roach x3  
  51  7:43  Drone x3  
  54  7:56  Roach x2  
Show
View Real Time Build Order
Export as new Build Order

TheZergLord Zerg - Winner!

Build Orders: Pool First 

Get SALT Encoding   

  12  0:18  Spawning Pool  
  11  0:22  Drone  
  11  0:27  Drone  
  13  0:33  Drone  
  14  0:41  Overlord  
  14  1:04  Queen  
  14  1:05  Zergling x4  
  14  1:06  Zergling x2  
  19  1:18  Zergling x2  
  20  1:28  Zergling x2  
  21  1:33  Hatchery  
  20  1:44  Queen  
  21  2:15  Drone  
  21  2:17  Overlord  
  21  2:22  Spine Crawler  
  20  2:28  Zergling x2  
  21  2:34  Queen  
  23  2:37  Drone x3  
  26  2:45  Queen  
  28  2:57  Zergling x4  
  28  2:58  Zergling x2  
  30  3:21  Queen x2  
  34  3:29  Drone  
  35  3:39  Spine Crawler  
  34  3:43  Drone  
  34  3:45  Overlord x2  
  33  4:27  Drone x6  
  33  4:28  Drone x3  
  40  4:37  Drone x2  
  40  4:38  Drone x4  
  46  4:43  Spine Crawler  
  45  4:46  Extractor  
  45  4:48  Queen, Extractor  
  44  5:07  Drone x2  
  44  5:08  Drone x5  
  50  5:34  Lair  
  50  5:37  Roach Warren, Drone  
  50  5:38  Evolution Chamber, Overlord x2, Drone  
  50  5:41  Extractor  
  50  5:42  Extractor  
  48  5:46  Overlord  
  48  5:47  Drone x3  
  51  6:02  Drone x6  
  57  6:10  Zerg Missile Weapons Level 1  
  61  6:18  Roach x3  
  61  6:19  Roach x4  
  61  6:20  Roach  
  73  6:37  Glial Reconstitution  
  73  6:39  Overlord x2  
  73  6:40  Overseer  
  73  7:03  Hatchery  
  73  7:04  Roach x2  
  73  7:05  Roach x6  
  73  7:06  Roach  
  90  7:20  Overlord x2  
  90  7:39  Roach x2  
  90  7:40  Roach x6  
  106  7:51  Overlord x2  
Tags
 
Add a new tag
Caveats
  • Supply blocks, unpowered buildings, or Contaminate may cause inaccurate times.
  • Supply counts are checked every 10 seconds.